Cogmind - Beta 11.1 @@@ ROGUE MODE // 2022.11.26 @ 21:53:54 Player: woegarden Result: Destroyed by G-47 Trooper with Particle Gun Performance ------------- Evolutions (2) 1000 Regions Visited (4) 800 Robots Destroyed (46) 230 Value Destroyed (1405) 1405 Prototype IDs (1) 20 Alien Tech Used (0) 0 Bonus (102) 102 TOTAL SCORE: 3557 Bonus ------- High Alert Combat Kills 102 Cogmind --------- Core Integrity 0/550 Matter 85/400 Energy 380/380 System Corruption 0% Temperature Warm (108) Movement Core (800) Ox15 Location -8/Materials Parts ------- > --- POWER (2) -------- Nuclear Core Nuclear Core > --- PROPULSION (3) --- (None) > --- UTILITY (3) ------ Large Storage Unit Medium Matter Pod Hardened Light Armor Plating > --- WEAPON (3) ------- Heavy Missile Launcher > --- INVENTORY (15) --- Improved Heat Sink Cargo Storage Unit Compact Battery (200) Salvage Targeting Computer Hardlight Generator Shield Generator Mini Grenade Launcher Peak State ------------ > --- POWER ------------ Light Deuterium Engine Nuclear Core > --- PROPULSION ------- Light Treads Light Treads Improved Treads > --- UTILITY ---------- Advanced Heat Sink Large Storage Unit Hardened Light Armor Plating > --- WEAPON ----------- Field Laser High-powered Shotgun Heavy Missile Launcher > --- INVENTORY -------- Nuclear Core Nuclear Core Light Treads Improved Heat Sink Cargo Storage Unit Compact Battery Medium Matter Pod Salvage Targeting Computer Hardlight Generator Shield Generator Pulse Rifle Light EM Pulse Cannon Flak Cannon Mini Grenade Launcher [Rating: 31] Favorites ----------- Power Light Ion Engine Engine Light Ion Engine Power Core Nuclear Core Propulsion Light Treads Treads Light Treads Leg Aluminum Leg Utility Large Storage Unit Device Sensor Array Storage Large Storage Unit Protection Hardened Light Armor Plating Weapon Heavy Assault Rifle Energy Gun Heavy Particle Gun Energy Cannon Light EM Pulse Cannon Ballistic Gun Heavy Assault Rifle Launcher Mini Grenade Launcher Build | -11 -10 -10 -9 -8 ------- Run | Scr Mat Min Mat Mat Slots Evolved 4 | . . . 2 2 Power 1 | . . . 1 . Propulsion 1 | . . . . 1 Utility 1 | . . . . 1 Weapon 1 | . . . 1 . Parts Attached 60 | . 8 1 7 44 Power 11 | . . . 2 9 Engine 5 | . . . 2 3 Core 6 | . . . . 6 Reactor . | . . . . . Propulsion 14 | . 2 . 2 10 Treads 14 | . 2 . 2 10 Leg . | . . . . . Wheel . | . . . . . Hover . | . . . . . Flight . | . . . . . Utility 17 | . 4 . . 13 Device 7 | . 1 . . 6 Storage 4 | . 3 . . 1 Processor . | . . . . . Hackware . | . . . . . Protection 6 | . . . . 6 Artifact . | . . . . . Weapon 18 | . 2 1 3 12 Energy Gun 5 | . . . 1 4 Energy Cannon 1 | . . . . 1 Ballistic Gun 9 | . 2 1 2 4 Ballistic Cannon . | . . . . . Launcher 3 | . . . . 3 Special Weapon . | . . . . . Impact Weapon . | . . . . . Slashing Weapon . | . . . . . Piercing Weapon . | . . . . . Special Melee Weapon . | . . . . . Unidentified Prototypes 1 | . . . . 1 Parts Lost 17 | . . 1 . 16 Power 3 | . . . . 3 Propulsion 5 | . . . . 5 Utility 2 | . . . . 2 Weapon 7 | . . 1 . 6 Highest Loss Streak 8 | . . 1 . 8 To Critical Strikes . | . . . . . Average Slot Usage (%) 97 | . 96 100 100 97 Engine 13 | . 14 14 22 11 Core 3 | . . . . 5 Treads 25 | . 25 28 22 26 Device 9 | . 10 14 11 8 Storage 10 | . 14 14 11 9 Protection 5 | . . . . 8 Energy Gun 10 | . 14 8 11 9 Ballistic Gun 13 | . 13 20 22 12 Launcher 2 | . . . . 4 Naked Turns . | . . . . . Heaviest Build 53 | 13 50 30 38 53 Greatest Support 63 | 20 40 40 40 63 Greatest Overweight (x) 2 | . 1 . . 2 Average Overweight (x) . | . . . . . Largest Inventory Capacity 20 | . 20 15 15 15 Average Capacity 15 | . 15 15 15 15 Most Carried 15 | . 9 9 14 15 Average Carried 11 | . 7 9 10 14 Final Capacity 15 | 8 15 15 15 15 Final Carried 14 | 6 9 9 14 8 Class Distribution -------------------- 33% | Mutant 31% | Scavenger-Tank 21% | Scavenger-Mutant 8% | Scavenger-Skirmisher 5% | Skirmisher Dominant Class ---------------- Mutant | -10/Materials Mutant | -10/Mines Scavenger-Skirmisher | -9/Materials Scavenger-Tank | -8/Materials Resources | -11 -10 -10 -9 -8 ----------- Run | Scr Mat Min Mat Mat Matter Collected 1172 | 200 78 39 214 641 Remotely . | . . . . . Salvage Created 1761 | . 105 57 300 1299 Parts 110 | . 6 2 23 79 Haulers Intercepted 3 | . . . . 3 Recyclers Shooed 2 | . . . 2 . Parts Field Recycled . | . . . . . Retrieved Matter . | . . . . . Parts Self-Destructed . | . . . . . Prevented . | . . . . . Kills | -11 -10 -10 -9 -8 ------- Run | Scr Mat Min Mat Mat Combat Hostiles Destroyed 31 | . 1 3 3 24 Guns 21 | . . 3 3 15 AOE 10 | . 1 . . 9 Classes Destroyed 12 | . 3 1 4 4 Worker 1 | . . . 1 . Builder 5 | . . . 1 4 Hauler 3 | . . . . 3 Recycler 3 | . 1 . 1 1 Operator 1 | . . . 1 . Watcher 2 | . 1 . . 1 Swarmer 6 | . . 3 . 3 Grunt 13 | . 1 . . 12 Duelist 1 | . . . . 1 Sentry 9 | . . . 3 6 Specialist 1 | . . . . 1 Hunter 1 | . . . . 1 Best Kill Streak 7 | . 2 3 4 7 Combat Bots Only 3 | . 1 3 2 3 Max Kills in Single Turn 3 | . 2 1 1 3 Gunslinging . | . . . . . Exploded 2 | . 1 . . 2 Melee . | . . . . . Uniques/NPCs Destroyed . | . . . . . Combat | -11 -10 -10 -9 -8 -------- Run | Scr Mat Min Mat Mat Damage Taken 3835 | . 141 164 72 3458 Core 588 | . . 29 . 559 Absorbed by Shields 136 | . . . . 136 Core Remaining (%) 96 | 100 . 88 100 . Volleys Fired 109 | . 7 8 15 79 Largest 3 | . 2 2 3 3 Hottest 102 | . 60 60 93 102 Shots Fired 244 | . 14 15 45 170 Gun 224 | . 14 15 45 150 Cannon . | . . . . . Launcher 20 | . . . . 20 Special . | . . . . . Kinetic 144 | . 7 12 30 95 Thermal 70 | . . . 15 55 Explosive 20 | . . . . 20 Electromagnetic 10 | . 7 3 . . Robot Hit Streak 11 | . 11 4 9 8 Robot Miss Streak 4 | . 1 2 3 4 Penetration Max . | . . . . . Secondary Targets 2 | . . 1 . 1 Max Gunslinging Chain 1 | . . 1 . 1 Shots Hit Robots 151 | . 11 9 26 105 Core Hits 90 | . 3 3 13 71 Critical Kills . | . . . . . Critical Parts Destroyed 1 | . . . . 1 Critical Strikes 1 | . . . . 1 Destroy 1 | . . . . 1 Melee Attacks . | . . . . . Impact . | . . . . . Slashing . | . . . . . Piercing . | . . . . . Sneak Attacks . | . . . . . Combat Hostiles . | . . . . . Follow-up Attacks . | . . . . . Damage Inflicted 3602 | . 227 108 330 2937 Guns 2082 | . 125 108 330 1519 Cannons . | . . . . . Explosions 1514 | . 102 . . 1412 Melee . | . . . . . Ramming 6 | . . . . 6 Kinetic 1265 | . 63 96 204 902 Thermal 845 | . 102 . 126 617 Explosive 1383 | . . . . 1383 Electromagnetic 103 | . 62 12 . 29 Impact . | . . . . . Slashing . | . . . . . Piercing . | . . . . . Highest Corruption . | . . . . . Average Corruption . | . . . . . Corruption Purged . | . . . . . Corruption Blocked . | . . . . . Overload Shots . | . . . . . Overflow Damage 18 | . 9 . . 9 Projectiles . | . . . . . Explosions 18 | . 9 . . 9 Melee . | . . . . . Knockbacks . | . . . . . Impact . | . . . . . Kinetic . | . . . . . Secondary . | . . . . . Self-Inflicted Damage 546 | . 37 . . 509 Shots 13 | . 1 . . 12 Rammed 1 | . . . . 1 Targets Rammed 1 | . . . . 1 Kicked . | . . . . . Crushed . | . . . . . Highest Temperature 196 | . 48 . 108 196 Average Temperature 77 | . 25 . 39 91 Received Heat Transfer 958 | . 54 . 27 877 Siege Activations . | . . . . . Robots Corrupted . | . . . . . Combat Hostiles . | . . . . . Parts Fried . | . . . . . Impact Corruptions . | . . . . . Robots Melted . | . . . . . Combat Hostiles . | . . . . . Parts Melted . | . . . . . Heat Transferred 1852 | . 150 . 370 1332 Parts Sabotaged . | . . . . . Parts Stolen . | . . . . . Parts Stripped . | . . . . . Power Chain Reactions 1 | . 1 . . . Missiles Intercepted . | . . . . . Alert | -11 -10 -10 -9 -8 ------- Run | Scr Mat Min Mat Mat Peak Influence 602 | . 71 70 215 602 Initial 90 | . . . 27 90 Average 226 | . 35 21 120 335 Maximum Alert Level 2 | . . . 1 2 Low Security (%) 56 | . 100 100 71 33 Level 1 16 | . . . 28 21 Level 2 27 | . . . . 45 Level 3 . | . . . . . Level 4 . | . . . . . Level 5 . | . . . . . High Security . | . . . . . Max Security . | . . . . . Squads Dispatched 7 | . 2 . 1 4 Investigation 2 | . 1 . . 1 Extermination . | . . . . . Reinforcement 5 | . 1 . 1 3 Assault . | . . . . . Garrison . | . . . . . Intercept . | . . . . . Searches Triggered . | . . . . . Construction Impeded 1 | . . . . 1 Haulers Reinforced . | . . . . . Active Scanning Responses . | . . . . . Cargo Convoy Interrupts . | . . . . . Stealth | -11 -10 -10 -9 -8 --------- Run | Scr Mat Min Mat Mat Distress Signals 4 | . 1 . . 3 Communications Jammed . | . . . . . Distress Signals . | . . . . . Times Spotted 48 | . 4 3 6 35 Peak Tracking Total 6 | . 3 3 2 6 Tactical Retreats 1 | . 1 . . . Traps | -11 -10 -10 -9 -8 ------- Run | Scr Mat Min Mat Mat Traps Triggered 2 | . 1 . . 1 Indirectly . | . . . . . Trap Hack Attempts . | . . . . . Triggered . | . . . . . Disarmed . | . . . . . Reprogrammed . | . . . . . Reused . | . . . . . Traps Extracted . | . . . . . Installed . | . . . . . Triggered . | . . . . . Machines | -11 -10 -10 -9 -8 ---------- Run | Scr Mat Min Mat Mat Machines Disabled 7 | . . . . 7 Max in Single Turn 2 | . . . . 2 Garrison Access 1 | . . . . 1 Machines Sabotaged . | . . . . . Garrisons Compromised . | . . . . . Overloaded Fab Kills . | . . . . . Hacking | -11 -10 -10 -9 -8 --------- Run | Scr Mat Min Mat Mat Machines Accessed 1 | . . . . 1 Terminals . | . . . . . Fabricators . | . . . . . Repair Stations . | . . . . . Recycling Units . | . . . . . Scanalyzers . | . . . . . Garrison Access 1 | . . . . 1 Total Hacks 1 | . . . . 1 Successful 1 | . . . . 1 Failed . | . . . . . Catastrophic . | . . . . . Database Lockouts . | . . . . . Manual . | . . . . . Terminals . | . . . . . Fabricators . | . . . . . Repair Stations . | . . . . . Recycling Units . | . . . . . Scanalyzers . | . . . . . Garrison Access 1 | . . . . 1 Terminal Hacks . | . . . . . Fabricator Hacks . | . . . . . Repair Station Hacks . | . . . . . Recycling Unit Hacks . | . . . . . Scanalyzer . | . . . . . Garrison Access Hacks 1 | . . . . 1 Seal Access 1 | . . . . 1 Unauthorized Hacks . | . . . . . Terminals . | . . . . . Fabricators . | . . . . . Repair Stations . | . . . . . Recycling Units . | . . . . . Scanalyzers . | . . . . . Garrison Access . | . . . . . Data Cores Recovered . | . . . . . Used . | . . . . . Hacking Detections . | . . . . . Full Trace Events . | . . . . . Feedback Events . | . . . . . Feedback Blocked . | . . . . . Robot Schematics Acquired . | . . . . . Robots Built . | . . . . . Authchips . | . . . . . Time . | . . . . . Total Robot Build Rating . | . . . . . Part Schematics Acquired . | . . . . . Parts Built . | . . . . . Authchips . | . . . . . Time . | . . . . . Total Part Build Rating . | . . . . . Parts Repaired . | . . . . . Time . | . . . . . Parts Recycled . | . . . . . Recycled Matter . | . . . . . Retrieved Matter . | . . . . . Retrieved Components . | . . . . . Parts Scanalyzed . | . . . . . Part Schematics Acquired . | . . . . . Parts Damaged . | . . . . . Bothacking | -11 -10 -10 -9 -8 ------------ Run | Scr Mat Min Mat Mat Used RIF Installer . | . . . . . Robots Hacked . | . . . . . Non-combat . | . . . . . Combat . | . . . . . Robot Hacks Applied . | . . . . . Relay Couplers Released . | . . . . . Fabnet Peak Effective % . | . . . . . Robots Rewired . | . . . . . Allies Hacked . | . . . . . Hacks Repelled . | . . . . . Allies | -11 -10 -10 -9 -8 -------- Run | Scr Mat Min Mat Mat Total Allies . | . . . . . Largest Group . | . . . . . Highest-Rated Group . | . . . . . Highest-Rated Ally . | . . . . . Total Orders . | . . . . . Ally Attacks . | . . . . . Total Damage . | . . . . . Kills . | . . . . . Allies Corrupted . | . . . . . Allies Melted . | . . . . . Intel | -11 -10 -10 -9 -8 ------- Run | Scr Mat Min Mat Mat Robot Analysis Total . | . . . . . Derelict Logs Recovered . | . . . . . Drone Launches . | . . . . . Drone Recoveries . | . . . . . Exploration | -11 -10 -10 -9 -8 ------------- Run | Scr Mat Min Mat Mat Turns Passed 2124 | . 489 74 286 1275 Spaces Moved 985 | 1 234 32 136 582 Core . | . . . . . Treads 950 | . 200 32 136 582 Legs 35 | 1 34 . . . Wheels . | . . . . . Hover . | . . . . . Flight . | . . . . . Fastest Speed 120 | 120 120 160 160 155 Average Speed 168 | 120 190 160 160 161 Slowest Speed 320 | 120 240 160 160 320 Overloaded Moves . | . . . . . Propulsion Burnouts . | . . . . . Robots Hopped . | . . . . . Cave-ins Triggered . | . . . . . Exploration Rate (%) 26 | 2 45 19 15 52 Regions Visited 4 Branch Regions 1 Pre-discovered Areas . | . . . . . Known Exits Taken . | . . . . . Unknown Exits Taken 4 | 1 1 1 1 . Scrap Searched . | . . . . . Spaces Dug . | . . . . . Terrain Destroyed 161 | . 2 . . 159 Melee . | . . . . . Projectile . | . . . . . AOE 161 | . 2 . . 159 Terrain Rammed . | . . . . . Walls Destroyed . | . . . . . Machines Disabled . | . . . . . Actions | -11 -10 -10 -9 -8 --------- Run | Scr Mat Min Mat Mat Total 1257 | . 265 40 173 779 Wait 20 | . . . 2 18 Move 981 | . 233 31 135 582 Hop . | . . . . . Pick Up 37 | . 8 . 8 21 Fast Attach 9 | . 1 1 . 7 Attach 13 | . . . 2 11 Detach . | . . . . . Swap 38 | . 7 . 5 26 Drop 49 | . 9 . 6 34 Fire 109 | . 7 8 15 79 Melee . | . . . . . Ram . | . . . . . Kick . | . . . . . Crush 1 | . . . . 1 Escape Stasis . | . . . . . Rewire . | . . . . . Trap . | . . . . . Miscellaneous . | . . . . . Route ------- -11/Scrapyard -10/Materials -10/Mines -9/Materials -8/Materials History --------- Turn | Location | Event 1 | -11/Scrapyard | Discovered new exit (range 0) 1 | -11/Scrapyard | Entered Materials 306 | -10/Materials | Build established: Mutant 455 | -10/Materials | Discovered new exit (range 13) 490 | -10/Materials | Entered Mines 537 | -10/Mines | Discovered new exit (range 9) 564 | -10/Mines | Entered Materials 564 | -9/Materials | Evolved 2 slots: Power x1, Weapon x1 844 | -9/Materials | Discovered new exit (range 5) 850 | -9/Materials | Entered another Materials area 850 | -8/Materials | Evolved 2 slots: Propulsion x1, Utility x1 1160 | -8/Materials | Build established: Scavenger-Tank 2054 | -8/Materials | Core integrity fell below 50% 2070 | -8/Materials | Core integrity fell below 20% 2093 | -8/Materials | Lost 8 parts (2p1n2u3w) 2125 | -8/Materials | Destroyed by G-47 Trooper with Particle Gun Last Messages --------------- 02054_ Y-45 Defender destroyed. 02056_ Imp. Treads destroyed. 02056_ Field Laser destroyed. 02056_ Destroyed Field Laser. 02059_ The unstable cave ceiling collapses. 02060_ Nuclear Core destroyed. 02062_ Penetrated by Slug. 02062_ Hvy. Missile Launcher destroyed. 02064_ The unstable cave ceiling collapses. 02100_ Lgt. EM Pulse Cannon destroyed. 02109_ The unstable cave ceiling collapses. 02113_ Lgt. Treads destroyed. 02114_ Acquired Hrd. Light Armor Plating. 02117_ X-57 Shotgunner destroyed. 02117_ G-47 Trooper destroyed. 02119_ Pulse Rifle destroyed. 02121_ Lgt. Treads destroyed. 02123_ The unstable cave ceiling collapses. 02123_ Knocked back. 02124_ The unstable cave ceiling collapses. Map ----- +----------------------------------------------------+ | ???????????????????????????????? | | ???????????????????????????????? | | ???????????????????????????????? | | ???????????????????????????????? | | ???????????????????????????????? | | ???????????????????????????????? | | ???????????????????????????????? | | ???????????????????????????????? | | ???????????# ??????????????????? | | ???????????# ????????????????### | | ??????????? ???????????????#[[ | | ??????????? #??????????????#[[ | | ???????????# + "????????????#!! | | ??#####+#### # "????????????#!! | | ??? ## # "????????????# | | ???# = ## # ?????????????#]] | | ???# ## ####??????????### | | ???#=/ # #######??????? | | ???#= ## # #??????? | | ???# % ## # #??????? | | ???## [ % #??????? | | ???# ! # %""" #??????? | | ???# """" ######## | | ???# # """ + | | ???# g # """ ######## | | ???# @[x! % "" #??????? | | ???#/ ! g=H # % %% #??????? | | ???# !%* ####/######??????? | | ???# ! #??# #???????????? | | ???#/ ### #?## ##??????????? | | ???#### ##?# ### #??????????? | | ??????####??# T #??????????? | | ????????????##### #??????????? | | ????????????????#####??????????? | | ???????????????????????????????? | | ???????????????????????????????? | | | | | | | | | | | | | | | | | | | | | | | | | | | | | +----------------------------------------------------+ Best States ------------- Heat Dissipation 50 Coolant Potential 50 Energy Generation 23 Energy Capacity 380 Matter Stores 300 Matter Capacity 400 Sight Range 16 Robot Scan Range 14 Terrain Scan Density 10 Armor Coverage 150 Evasion (%) 55 Recoil Reduction 3 Item Schematics ----------------- None Robot Schematics ------------------ None Fabricated ------------ Nothing Alien Tech Used ----------------- None Achievements -------------- None Challenges ------------ None Game ------ Seed MediumPhaseNeutralizer Manual? 0 Play Time 00:24:52 Cumulative 98.2 hours Start 2022.11.26 @ 21:29:43 End 2022.11.26 @ 21:53:54 Sessions 1 Manual Loads 0 Difficulty Rogue Special Mode None Game No. 163 Rogue 117 Adventurer 45 Explorer 1 Win Type - Total 0 Types 0/0/0/0/0/0/0/0/0 Lore% 29 Gallery% 50 Achievement% 35 Wizard Run 0 Options --------- ASCII 0 Keyboard 0 Movement Mouse Keybinds 0 Fullscreen 2 Font 18/X11Bold Map View 76x50 Tactical HUD 1 Map Filters NONE Filters LOW_CONTRAST(13,24,33)|BRIGHTNESS(90)|SATURATION(87) Steam 1 RUN: 1f3816cb-2140-4e44-ab1e-c198ef7bd0c2